 Dungeon Crawl Stone Soup version 0.28.0-43-g3370ac3207 (webtiles) character file.

Game seed: 10934512879668819134

5 Revguard the Digger (level 1, -3/14 HPs)
             Began as a Demigod Earth Elementalist on Mar 25, 2022.
             Slain by a quokka (4 damage)
             ... on level 1 of the Dungeon.
             The game lasted 00:01:52 (454 turns).

Revguard the Digger (Demigod Earth Elementalist)     Turns: 454, Time: 00:01:53

Health: -3/14      AC:  5    Str:  9    XL:     1   Next: 53%
Magic:  5/5        EV: 10    Int: 17    God:
Gold:   34         SH:  0    Dex: 14    Spells: 2/3 levels left

rFire   . . .      SeeInvis .   (no weapon)
rCold   . . .      Faith    .   (no shield)
rNeg    . . .      Spirit   .   e - +0 ring mail
rPois   .          Reflect  .   (no helmet)
rElec   .          Harm     .   (no cloak)
rCorr   .          Rampage  .   (no gloves)
Will    .....                   (no boots)
Stlth   +.........              (no amulet)
HPRegen 0.04/turn               (no ring)
MPRegen 0.09/turn               (no ring)

@: no status effects
A: high MP 1, forlorn, divine attributes
a: no special abilities


You were on level 1 of the Dungeon.
You visited 1 branch of the dungeon, and saw 1 of its levels.

You collected 34 gold pieces.

Inventory:

Missiles
 c - 34 stones
Armour
 b - a +0 robe
 e - a +0 ring mail (worn)
 g - a +0 cloak
Jewellery
 a - an amulet of the acrobat
Scrolls
 f - a scroll of teleportation {unknown}
 h - a scroll of fear {unknown}
Potions
 d - a potion of flight {unknown}
 i - a potion of curing {unknown}


   Skills:
 + Level 0.2 Fighting
 * Level 0.2 Armour
 + Level 1.8 Dodging
 + Level 1.8 Stealth
 + Level 1.8 Spellcasting
 + Level 1.0 Transmutations
 + Level 2.7 Earth Magic


You had 2 spell levels left.
You knew the following spells:

 Your Spells              Type           Power      Damage    Failure   Level
a - Sandblast             Erth           20%        2d7       19%         1

Your spell library contained the following spells:

 Spells                   Type           Power      Damage    Failure   Level
 Passwall                 Tmut/Erth      5%         N/A       36%         2
 Corpse Rot               Necr/Air       2%         N/A       63%         2
 Stone Arrow              Conj/Erth      12%        3d7       67%         3
 Petrify                  Tmut/Erth      7%         N/A       94%         4
 Dispel Undead            Necr           1%         3d6       99%         4
 Death Channel            Necr           0%         N/A       100%        6


Dungeon Overview and Level Annotations

Branches:
Dungeon (1/15)


Innate Abilities, Weirdness & Mutations

You have an increased reservoir of magic. (+10% MP)
You shall have no god before yourself.
Your divine heritage dramatically boosts your attributes as you level up.


Message History

The rat barely misses you.
You hit the rat.
You kill the rat!
You see here a rat corpse.
You now have 21 gold pieces (gained 10).
You now have 34 gold pieces (gained 13).
A quokka comes into view.
You miss the quokka.
The quokka bites you but does no damage.
You hit the quokka but do no damage. The quokka barely misses you.
You barely miss the quokka. The quokka closely misses you.
You hit the quokka but do no damage.
The quokka bites you but does no damage.
You closely miss the quokka.
The quokka bites you but does no damage.
You miss the quokka. The quokka barely misses you.
The quokka bites you but does no damage.
You hit the quokka but do no damage. The quokka bites you.
You closely miss the quokka. The quokka barely misses you.
You hit the quokka.
The quokka is lightly wounded.
The quokka misses you.
You hit the quokka but do no damage.
The quokka is lightly wounded.
The quokka bites you but does no damage.
You closely miss the quokka.
The quokka is lightly wounded.
The quokka bites you. x2
You hit the quokka but do no damage.
The quokka is lightly wounded.
The quokka bites you.
You barely miss the quokka. The quokka bites you.
* * * LOW HITPOINT WARNING * * *
You hit the quokka but do no damage. The quokka bites you.
* * * LOW HITPOINT WARNING * * *
You closely miss the quokka.
The quokka bites you but does no damage.
You hit the quokka but do no damage. The quokka closely misses you.
The quokka bites you.
You die...

#.#...#####≈#..###..
##...###...###.###...
#...####...##......#
#...###.....##.....#..
#.#.##.....#.....#...#
#.#.##.......###.....#
..#.....##.### #.#...
#....#.####.# .# ##
#..##.#@# #.# .. .
#.r.# #.# ### #.....#
#.# #.....# #.....#
#######


You could see a quokka.

Vanquished Creatures
  2 endoplasms (D:1)
  A ball python (D:1)
  A bat (D:1)
  A kobold (D:1)
  A rat (D:1)
6 creatures vanquished.

Notes
Turn   | Place    | Note
-------+----------+-------------------------------------------
     0 | D:1      | Revguard the Demigod Earth Elementalist began the quest for
                  | the Orb.
     0 | D:1      | Reached XP level 1. HP: 14/14 MP: 5/5
   145 | D:1      | Reached skill level 1 in Transmutations
   454 | D:1      | Slain by a quokka

Illustrated notes

Levels and vault maps discovered:
D:1:      amcnicky_arrival_choice, layout_rooms,
          hellmonk_ecumenical_altar_heavens_door, chequers_serial_rivers_small_3

Skill      XL: |  1 |
---------------+----+-----
Transmutations | 1 |  1.0
Fighting       | |  0.2
Armour         | |  0.2
Dodging        | |  1.8
Stealth        | |  1.8
Spellcasting   | |  1.8
Earth Magic    | |  2.7

Action                   || total
-------------------------++-------
Melee: Unarmed           ||    55
 Cast: Sandblast         ||     5
 Stab: Sleeping          ||     1
Armor: Ring mail         ||    38
Dodge: Dodged            ||    36
